 Dungeon Crawl Stone Soup version 0.28-a0-674-gdaf460b524 (webtiles) character file.

Game seed: 7252546549664885786

95 RepHenryClay the Conjurer (level 4, 0/27 HPs)
             Began as an Octopode Conjurer on Oct 18, 2021.
             Slain by a white imp (3 damage)
             ... on level 3 of the Dungeon.
             The game lasted 00:04:38 (3503 turns).

RepHenryClay the Conjurer (Octopode Conjurer)       Turns: 3503, Time: 00:04:39

Health: 0/27       AC:  1    Str:  6    XL:     4   Next: 65%
Magic:  1/7        EV: 13    Int: 20    God:
Gold:   101        SH:  0    Dex: 11    Spells: 2/7 levels left

rFire   . . .      SeeInvis .   (no weapon)
rCold   . . .      Faith    .   (no shield)
rNeg    . . .      Spirit   .   (helmet restricted)
rPois   .          Reflect  .   (no amulet)
rElec   .          Harm     .   c - ring of flight
rCorr   +          Rampage  .   f - ring of resist corrosion
Will    .....                   (no ring)
Stlth   +++.......              (no ring)
HPRegen 0.09/turn               (no ring)
MPRegen 0.10/turn               (no ring)
                                (no ring)
                                (no ring)

@: attractive, flying
A: almost no armour, amphibious, 8 rings, camouflage 1, gelatinous body 1,
(nimble swimmer 1), tentacles
a: no special abilities


You were on level 3 of the Dungeon.
You visited 1 branch of the dungeon, and saw 4 of its levels.

You collected 101 gold pieces.

Inventory:

Missiles
 q - 11 poisoned darts (quivered)
Jewellery
 c - a ring of flight (left tentacle)
 f - a ring of resist corrosion (right tentacle)
Scrolls
 b - a scroll of identify {unknown}
 d - 2 scrolls of amnesia {unknown}
 e - a scroll of fog {unknown}
 g - a scroll of torment {unknown}
 h - a scroll of acquirement {unknown}
 i - 2 scrolls of noise {unknown}
 n - a scroll of teleportation {unknown}
 o - a scroll of magic mapping {unknown}
 r - a scroll of vulnerability {unknown}
 s - a scroll of enchant armour {unknown}
Potions
 a - a potion of curing
 k - a potion of lignification
 l - a potion of cancellation {unknown}
 m - a potion of haste {unknown}
 p - a potion of attraction


   Skills:
 - Level 2.0 Dodging
 - Level 2.6 Stealth
 - Level 2.0 Spellcasting
 + Level 5.9 Conjurations


You had 2 spell levels left.
You knew the following spells:

 Your Spells              Type           Power      Damage    Failure   Level
a - Magic Dart            Conj           100%       1d8       1%          1
b - Searing Ray           Conj           50%        2d6       1%          2
c - Blink                 Tloc           N/A        N/A       24%         2

Your spell library contained the following spells:

 Spells                   Type           Power      Damage    Failure   Level
 Beastly Appendage        Tmut           4%         N/A       16%         1
 Passwall                 Tmut/Erth      1%         N/A       24%         2
 Wereblood                Tmut           2%         N/A       24%         2
 Dazzling Flash           Conj/Hex       26%        N/A       14%         3
 Gell's Gravitas          Tloc           1%         N/A       43%         3
 Lesser Beckoning         Tloc           2%         N/A       43%         3
 Spider Form              Tmut/Pois      1%         N/A       43%         3
 Swiftness                Air            2%         N/A       43%         3
 Teleport Other           Tloc           2%         N/A       43%         3
 Fulminant Prism          Conj/Hex       6%         3d7       43%         4
 Iskenderun's Mystic Bla  Conj/Tloc      13%        2d5       43%         4
 Manifold Assault         Tloc           2%         N/A       99%         5
 Dispersal                Tloc           1%         N/A       100%        6
 Invisibility             Hex            1%         N/A       100%        6
 Storm Form               Tmut/Air       1%         N/A       100%        7


Dungeon Overview and Level Annotations

Branches:
Dungeon (4/15)
 Temple: D:4-7

Altars:

Shops:
D:1 (

Annotations:
D:3 2 transporters
D:4 Edmund, Grinder


Innate Abilities, Weirdness & Mutations

You cannot wear most types of armour.
You are amphibious.
You can wear up to eight rings at the same time.
Your skin changes colour to match your surroundings (Stealth+).
Your rubbery body absorbs attacks. (AC +1, EV +1)
((You are camouflaged near water. (Stealth+)))
You have tentacles for arms and can constrict up to eight enemies at once.


Message History

Aiming: Searing Ray (safe; 1% risk of failure)
Press: ? - help, Shift-Dir - straight line, f/p - Grinder
Aim: Grinder (severely wounded, 77% to hit)
The searing ray hits Grinder.
Grinder is almost dead. (Press . to maintain the ray.)
The searing ray hits Grinder.
Grinder is almost dead.
A white imp comes into view.
Without enough magic to sustain it, your searing ray dissipates.
Grinder hits you but does no damage.
You hit Grinder but do no damage.
Grinder is almost dead.
Grinder blinks!
You aren't carrying any items that you can evoke.
Throw: 12 darts (poison)
Press: ? - help, Q - select action, (/) - cycle Shift-Dir - straight line, f/p - Grinder
Aim: Grinder (almost dead, 50% to hit)
You throw a poisoned dart.
The poisoned dart closely misses Grinder.
Grinder blinks!
You feel less wooden. The white imp puffs mist at you.
Huge Dmg: -37%(-10hp) hp: 82%(22hp)
You completely miss the white imp. Your grab misses the white imp.
The white imp hits you. The white imp freezes you.
Huge Dmg: -22%(-6hp) hp: 60%(16hp)
The white imp gestures at you. The puff of frost hits you!
* * * LOW HITPOINT WARNING * * *
You fly upwards.
Level annotation: 2 transporters
There is a stone staircase leading down here.
Huge Dmg: -41%(-11hp) hp: 19%(5hp) It was a potion of attraction.
You feel attractive to monsters. The white imp hits you.
* * * LOW HITPOINT WARNING * * *
The white imp freezes you.
You die...

###### .....##
......##########
.......#.....>.####
..##.#..........5.#
.....#...#..##.##@##
..#..#...#..##.....#
.........#..#####..#
..#....###.........#
...........#######.#
###........# #.#
#........# ####.##
#........# #.....#
##.......# #.##..#


You could see a white imp.

Vanquished Creatures
  3 gnolls (D:3)
  An adder (D:2)
  A worm (D:4)
  2 orcs (D:3)
  4 bats
  5 endoplasms
  2 giant cockroaches (D:1)
  5 goblins
  4 hobgoblins
  3 jackals
  4 quokkas
  5 ball pythons
  A frilled lizard (D:1)
  3 kobolds
  A quokka skeleton (D:4)
  3 rats
47 creatures vanquished.

Notes
Turn   | Place    | Note
-------+----------+-------------------------------------------
     0 | D:1      | RepHenryClay the Octopode Conjurer began the quest for the
                  | Orb.
     0 | D:1      | Reached XP level 1. HP: 11/11 MP: 3/3
   387 | D:1      | Reached XP level 2. HP: 16/17 MP: 0/5
   561 | D:1      | Found a faded altar of an unknown god.
   631 | D:1      | Found Zerruif's Weapon Shop.
   927 | D:1      | Reached XP level 3. HP: 21/21 MP: 3/6
  1038 | D:1      | Learned a level 2 spell: Searing Ray
  1176 | D:2      | Reached skill level 5 in Conjurations
  1783 | D:3      | Found a transporter.
  1895 | D:3      | Learned a level 2 spell: Blink
  1900 | D:3      | Reached XP level 4. HP: 27/27 MP: 2/7
  2146 | D:3      | Found a transporter.
  2664 | D:4      | Noticed a scorpion
  3191 | D:4      | Noticed Edmund
  3199 | D:4      | HP: 1/27 [Edmund (13)]
  3479 | D:4      | Noticed Grinder
  3503 | D:3      | Slain by a white imp

Illustrated notes

Levels and vault maps discovered:
D:1:      heliophobic_arrival_battle_scene, layout_rooms,
          hellmonk_ecumenical_altar_leap_of_faith, serial_shops,
          nicolae_shop_crystal
D:2:      layout_basic
D:3:      gammafunk_wand_slinger, layout_loops_cross, mrwooster_statue_mirror
D:4:      layout_basic, hangedman_decor_opposing, item_on_display_a,
          uniq_edmund, uniq_sigmund, uniq_grinder

Skill      XL: |  1  2  3 |
---------------+----------+-----
Conjurations   | 5 |  5.9
Dodging        | |  2.0
Stealth        | |  2.6
Spellcasting   | |  2.0

Action                   |  1- 3 |  4- 6 || total
-------------------------+-------+-------++-------
Melee: Unarmed           |    32 |     5 ||    37
       Constrict         |     7 |       ||     7
       Tentacles         |     4 |       ||     4
Throw: Dart              |       |    11 ||    11
 Cast: Magic Dart        |    58 |    28 ||    86
       Searing Ray       |       |     5 ||     5
       Blink             |       |     1 ||     1
  Use: Potion            |     1 |     3 ||     4
 Stab: Sleeping          |     1 |       ||     1
Armor: Skin              |     1 |     7 ||     8
Dodge: Dodged            |    29 |     2 ||    31

Table legend: (Time is in decaauts)
 A = Elapsed time spent in this place.
 B = Non-inter-level travel time spent in this place.
 C = Inter-level travel time spent in this place.
 D = Time resting spent in this place.
 E = Time spent auto-exploring this place.
 F = Levels seen in this place.
 G = Mean time per level.
                   A        B        C        D        E       F      G
               +--------+--------+--------+--------+--------+-----+--------+
         Total |   3506 |   3276 |    230 |    805 |   2047 |   4 |  876.5 |
       Dungeon |   3506 |   3276 |    230 |    805 |   2047 |   4 |  876.5 |
               +--------+--------+--------+--------+--------+-----+--------+

Top non-repeatable levels by time:
     D:3: 1114 daAuts
     D:2: 999 daAuts
     D:1: 774 daAuts
     D:4: 618 daAuts
